 Dungeon Crawl Stone Soup version 0.29.1-15-g9cfb28693d (webtiles) character file.

Game seed: 6836189082195550835

51059 person50605 the Warrior (level 14, -8/124 HPs)
             Began as a Minotaur Gladiator on Apr 5, 2023.
             Was a Priest of Hepliaklqana.
             Killed from afar by a manticore (18 damage)
             ... with a volley of spikes
             ... on level 15 of the Dungeon on Apr 10, 2023.
             The game lasted 02:59:28 (22616 turns).

person50605 the Warrior (Minotaur Gladiator)       Turns: 22616, Time: 02:59:30

Health: -8/124     AC: 19    Str: 23    XL:     14   Next: 22%
Magic:  13/13      EV: 19    Int:  5    God:    Hepliaklqana [***...]
Gold:   1150       SH:  0    Dex: 19    Spells: 13/13 levels left

rFire   + . .      SeeInvis .   y - +6 trident of the Eternal Void {freeze, rF+ rC+ rN+ Stlth+}
rCold   + . .      Faith    .   (no shield)
rNeg    + . .      Spirit   .   K - +4 acid dragon scales
rPois   .          Reflect  .   c - +0 hat
rElec   .          Harm     .   s - +0 cloak
rCorr   +          Rampage  .   D - +0 pair of gloves
Will    +....                   (no boots)
Stlth   +++++.....              (no amulet)
HPRegen 0.30/turn               Z - +4 ring of protection
MPRegen 0.13/turn               m - +6 ring of dexterity

@: spiked
A: reduced essence, horns 2, retaliatory headbutt
a: Renounce Religion, Recall Ancestor, Ancestor Identity, Transference


You were on level 15 of the Dungeon.
You worshipped Hepliaklqana.
Hepliaklqana was most pleased with you.
You visited 5 branches of the dungeon, and saw 19 of its levels.
You also visited: Sewer and Bailey.

You collected 1150 gold pieces.

Inventory:

Hand Weapons
 a - a +0 trident
 y - the +6 trident of the Eternal Void (weapon) {freeze, rF+ rC+ rN+ Stlth+}
   (You found it on level 4 of the Dungeon)

   It freezes those it strikes, dealing additional cold damage.
   It can also slow down cold-blooded creatures.
   rF:        It protects you from fire.
   rC:        It protects you from cold.
   rN:        It protects you from negative energy.
   Stlth:     It makes you more stealthy.
 X - a +6 long sword of flaming
Missiles
 d - 2 throwing nets
 e - a javelin
 h - 165 stones
 r - 15 poisoned darts (quivered)
 C - 5 boomerangs of dispersal
 N - 8 boomerangs
 Q - a curare-tipped dart
 V - 6 atropa-tipped darts
Armour
 c - a +0 hat (worn)
 s - a +0 cloak (worn)
 D - a +0 pair of gloves (worn)
 K - +4 acid dragon scales (worn)
Jewellery
 k - a ring of ice
 m - a +6 ring of dexterity (right hand)
 t - a +6 ring of intelligence
 E - a ring of wizardry
 R - a ring of see invisible
 Z - a +4 ring of protection (left hand)
Wands
 p - a wand of charming (13)
 q - a wand of polymorph (10)
 v - a wand of roots (17)
 G - a wand of flame (13)
Scrolls
 b - a scroll of identify
 f - 3 scrolls of noise
 n - a scroll of immolation
 o - 4 scrolls of teleportation
 z - 2 scrolls of summoning
 H - 2 scrolls of amnesia
 M - a scroll of magic mapping {unknown}
 O - 5 scrolls of poison
 P - 2 scrolls of butterflies {unknown}
 S - a scroll of torment {unknown}
 T - a scroll of vulnerability {unknown}
 U - a scroll of brand weapon {unknown}
 W - a scroll of fear {unknown}
Potions
 g - 8 potions of curing
 i - 5 potions of berserk rage
 j - 4 potions of brilliance
 l - 3 potions of mutation
 u - a potion of heal wounds
 w - 2 potions of lignification {unknown}
 x - 4 potions of resistance
 A - 2 potions of attraction {unknown}
 B - 2 potions of degeneration {unknown}
 F - 4 potions of might {unknown}
 I - 2 potions of flight {unknown}
 J - a potion of magic {unknown}
 L - 4 potions of haste {unknown}
 Y - a potion of invisibility


   Skills:
 + Level 16.3 Fighting
 * Level 6.2 Long Blades
 - Level 4.6 Maces & Flails
 - Level 14.0 Polearms
 - Level 2.1 Throwing
 + Level 10.2 Armour
 + Level 11.9 Dodging
 + Level 9.2 Stealth
 - Level 0.9 Unarmed Combat


You had 13 spell levels left.
You didn't know any spells.
Your spell library contained the following spells:

 Spells                   Type           Power      Damage    Failure   Level
 Apportation              Tloc           0%         N/A       54%         1
 Magic Dart               Conj           0%         1d3       54%         1
 Necrotise                Necr           0%         1d4       54%         1
 Slow                     Hex            0%         N/A       54%         1
 Summon Small Mammal      Summ           0%         N/A       54%         1
 Call Imp                 Summ           0%         N/A       67%         2
 Poisonous Vapours        Pois/Air       0%         N/A       67%         2
 Static Discharge         Conj/Air       0%         3-3/arc   67%         2
 Call Canine Familiar     Summ           0%         N/A       88%         3
 Confusing Touch          Hex            0%         N/A       88%         3
 Gell's Gravitas          Tloc           0%         N/A       88%         3
 Mephitic Cloud           Conj/Pois/Air  0%         N/A       88%         3
 Portal Projectile        Hex/Tloc       0%         N/A       88%         3
 Teleport Other           Tloc           0%         N/A       88%         3
 Vampiric Draining        Necr           0%         2d6       88%         3
 Corpse Rot               Necr/Pois/Air  0%         N/A       99%         4
 Hailstorm                Conj/Ice       0%         3d3       99%         4
 Ice Form                 Ice/Tmut       0%         N/A       99%         4
 Leda's Liquefaction      Hex/Erth       0%         N/A       99%         4
 Alistair's Intoxication  Tmut/Pois      0%         N/A       100%        5
 Fireball                 Conj/Fire      0%         3d3       100%        5
 Lightning Bolt           Conj/Air       0%         1d11      100%        5
 Yara's Violent Unravell  Hex/Tmut       0%         3d3       100%        5
 Dispersal                Tloc           0%         N/A       100%        6
 Simulacrum               Ice/Necr       0%         N/A       100%        6
 Starburst                Conj/Fire      0%         6d3       100%        6
 Statue Form              Tmut/Erth      0%         N/A       100%        6
 Ignition                 Fire           0%         3d3       100%        8
 Maxwell's Capacitive Co  Air            0%         ∞         100%        8


Dungeon Overview and Level Annotations

Branches:
Dungeon (15/15)            Temple (1/1) D:4            Lair (1/5) D:10
    Orc (1/2) D:10         Vaults (0/5) D:13         Depths (1/4) D:15
  Sewer (visited)          Bailey (visited)

Altars:
Ashenzari
Cheibriados
Dithmenos
Elyvilon
Fedhas
Gozag
Hepliaklqana
Kikubaaqudgha
Makhleb
Nemelex Xobeh
Okawaru
Qazlal
Ru
Sif Muna
Trog
Uskayaw
Vehumet
Wu Jian
Xom
Yredelemnul
Zin
The Shining One

Shops:
D:3 [   D:5 :   D:13 *

Annotations:
Lair:1 Gastronok


Innate Abilities, Weirdness & Mutations

Your life essence is reduced to manifest your ancestor. (-10% HP)
You have a pair of horns on your head.
You reflexively headbutt those who attack you in melee.


Message History

Henutemipet hits the centaur with a +0 quarterstaff!!
The centaur dies!
The tengu warrior attacks as you move away!
The tengu warrior hits you but does no damage.
You partially resist.
The tengu warrior pecks you but does no damage.
The tengu warrior misses you.
The centaur warrior wields a +0 shortbow.
The centaur warrior shoots an arrow.
The arrow barely misses you.
The centaur shoots an arrow.
The arrow closely misses you.
The centaur warrior attacks as you move away!
The centaur warrior unwields a +0 longbow.
The centaur warrior hits you but does no damage.
The centaur warrior kicks you but does no damage.
The centaur unwields a +0 shortbow.
The centaur misses Henutemipet.
The centaur kicks Henutemipet.
The centaur warrior shoots an arrow.
The arrow hits you but does no damage.
The tengu warrior attacks as you move away!
The tengu warrior completely misses you.
The tengu warrior barely misses you.
The tengu warrior claws you but does no damage.
Your surroundings suddenly seem different.
The centaur warrior wields a +0 longbow.
The centaur warrior shoots an arrow.
The arrow barely misses Henutemipet.
The arrow hits you!
* * * LOW HITPOINT WARNING * * *
The centaur wields a +0 shortbow.
The centaur shoots an arrow.
The arrow misses you.
Henutemipet hits the centaur warrior with a +0 quarterstaff!
The centaur warrior dies!
The two-headed ogre hits Henutemipet with a +0 giant club.
The two-headed ogre hits Henutemipet with a +0 giant club!
Your life force feels restored.
The centaur warrior shoots an arrow.
The arrow hits you!
* * * LOW HITPOINT WARNING * * *
The centaur shoots an arrow.
The arrow completely misses you.
The manticore flicks its tail.
The volley of spikes hits you!!
The barbed spikes become lodged in your body.
You die...

#..... ...... #....##
.....## ..##....###
##.#.......#
.#..........#
........@...#
.......##....#
......?...)..## ...#
.......H..))..#
...#..........cc.Q..##
................R..##
...............O)..#
...................#
...................#


You could see the friendly Henutemipet the battlemage, a tengu warrior, a
centaur warrior, a two-headed ogre (ally target), a manticore and a centaur.

Vanquished Creatures
  A frost giant (D:15)
  An ironbound preserver (D:13)
  2 hydras
  3 centaur warriors
  7 two-headed ogres
  3 tengu warriors
  8 death yaks
  6 skeletal warriors
  A deep elf pyromancer (D:14)
  14 ugly things
  3 cyclopes
  3 manticores
  Joseph (D:8)
  Maggie (D:7)
  A gargoyle (D:12)
  A kobold demonologist (D:14)
  2 komodo dragons
  A rime drake (shapeshifter) (D:13)
  2 tengu conjurers
  A freezing wraith (D:11)
  3 trolls
  A hornet (D:9)
  A hornet (shapeshifter) (D:10)
  2 shadows (D:10)
  A vampire (D:13)
  3 wraiths
  A wyvern (D:11)
  24 yaks
  Grum (D:9)
  4 vampire mosquitoes (D:12)
  A steam dragon (D:10)
  Edmund (D:6)
  2 acid dragons
  4 water moccasins
  4 orc warriors
  A black bear (D:5)
  2 ice beasts (D:5)
  7 centaurs
  3 sky beasts (D:7)
  2 ogres
  3 wolves (D:9)
  A phantom (D:5)
  Blork the orc (D:5)
  2 kobold brigands
  3 bullfrogs
  2 gnoll sergeants (D:8)
  3 scorpions
  A necrophage (D:5)
  9 wights
  4 troll zombies (D:10)
  5 electric eels (D:11)
  8 howler monkeys
  2 hounds
  5 jellies
  2 gnoll boudas
  2 orc priests
  Jessica (D:2)
  4 iguanas
  Terence (D:3)
  9 orc wizards
  4 ogre zombies (D:10)
  17 gnolls
  10 adders
  A shadow imp (D:6)
  3 white imps (D:5)
  2 ufetubi
  4 worms
  A dart slug (D:4)
  42 orcs
  5 ball pythons
  6 bats
  7 endoplasms
  A giant cockroach (D:4)
  12 goblins
  8 hobgoblins
  6 jackals
  4 quokkas
  8 frilled lizards
  4 goblin skeletons (D:10)
  A goblin zombie (D:10)
  5 hobgoblin zombies (D:10)
  16 kobolds
  5 orc skeletons (D:10)
  10 orc zombies (D:10)
  8 rats
  2 butterflies (D:4)
390 creatures vanquished.

Vanquished Creatures (collateral kills)
  A hydra (D:14)
  An ogre mage (D:15)
  A catoblepas (D:13)
  A centaur warrior (D:15)
  A two-headed ogre (D:15)
  4 skeletal warriors
  A deep elf pyromancer (D:13)
  6 ugly things
  A manticore (D:13)
  An unseen horror (D:13)
  An efreet (D:14)
  2 kobold demonologists (D:14)
  A troll (D:13)
  2 centaurs (D:15)
  An electric eel (D:11)
  2 orc wizards (D:14)
  3 orcs
  2 kobolds (D:14)
32 creatures vanquished.

Vanquished Creatures (others)
  6 ancestors
  7 battlemagi
  14 fungi
  7 plants
  3 toadstools (D:9)
37 creatures vanquished.

Grand Total: 459 creatures vanquished

Notes
Turn   | Place    | Note
-------+----------+-------------------------------------------
     0 | D:1      | person50605 the Minotaur Gladiator began the quest for the
                  | Orb.
     0 | D:1      | Reached XP level 1. HP: 18/18 MP: 0/0
   264 | D:1      | Reached XP level 2. HP: 24/25 MP: 1/1
   440 | D:1      | Found a faded altar of an unknown god.
   636 | D:2      | Noticed Jessica
   648 | D:2      | Killed Jessica
   649 | D:2      | Reached XP level 3. HP: 16/30 MP: 2/2
   853 | D:2      | Identified the +4 whip "Henaahuo" {vorpal, Int+3}
  1060 | D:2      | Reached skill level 1 in Armour
  1060 | D:2      | Reached XP level 4. HP: 33/37 MP: 3/3
  1204 | D:2      | Reached skill level 1 in Maces & Flails
  1602 | D:3      | Reached skill level 3 in Fighting
  1613 | D:3      | Found a glowing drain.
  1618 | Sewer    | Entered a sewer
  1689 | Sewer    | Noticed a water moccasin
  1726 | Sewer    | Killed a water moccasin
  1727 | Sewer    | Reached XP level 5. HP: 8/45 MP: 4/4
  1992 | D:3      | Noticed Terence
  2017 | D:3      | Killed Terence
  2085 | D:3      | Found Ipipelu's Antique Armour Emporium.
  2214 | D:3      | Identified the +4 chain mail "Toirch" {Dex+4}
  2825 | D:3      | Identified a scroll of acquirement
  2829 | D:3      | Acquired a +6 ring of dexterity
  3047 | D:4      | Reached XP level 6. HP: 51/51 MP: 5/5
  3066 | D:4      | Reached skill level 1 in Stealth
  3378 | D:4      | Found a staircase to the Ecumenical Temple.
  3385 | Temple   | Entered the Ecumenical Temple
  3743 | D:4      | Identified the +6 trident of the Eternal Void {freeze, rF+
                  | rC+ rN+ Stlth+}
  3749 | D:4      | Found a radiant altar of Vehumet.
  4059 | D:5      | Entered Level 5 of the Dungeon
  4359 | D:5      | Reached XP level 7. HP: 56/58 MP: 6/6
  4419 | D:5      | Reached skill level 5 in Polearms
  4515 | D:5      | Reached skill level 4 in Fighting
  4841 | D:5      | Found Ryifoawk's Book Boutique.
  4918 | D:5      | Reached XP level 8. HP: 59/66 MP: 7/7
  5196 | D:5      | Found a large runed translucent door.
  5197 | D:5      | Found a large runed translucent door.
  5227 | D:5      | Noticed Blork the orc
  5234 | D:5      | Killed Blork the orc
  5407 | D:5      | Found a shimmering blue altar of Sif Muna.
  5417 | D:5      | Found an iron altar of Okawaru.
  5582 | D:6      | Identified the +4 whip of Mana {speed, rN+ MP+9 Int+3}
  5852 | D:6      | Reached skill level 5 in Dodging
  5857 | D:6      | Reached skill level 5 in Fighting
  6006 | D:6      | Found an ancient bone altar of Kikubaaqudgha.
  6007 | D:6      | Found a snail-covered altar of Cheibriados.
  6007 | D:6      | Found a shadowy altar of Dithmenos.
  6008 | D:6      | Found a blossoming altar of Fedhas.
  6012 | D:6      | Found a hide-covered altar of Uskayaw.
  6012 | D:6      | Found a glowing silver altar of Zin.
  6107 | D:6      | Noticed Edmund
  6115 | D:6      | Killed Edmund
  6116 | D:6      | Reached skill level 10 in Polearms
  6303 | D:6      | Reached XP level 9. HP: 74/74 MP: 8/8
  6391 | D:6      | Found a stormy altar of Qazlal.
  6850 | D:7      | Found a flagged portal.
  6864 | Bailey   | Entered a bailey
  6987 | Bailey   | Noticed an orc knight
  7157 | D:7      | Found a bloodstained altar of Trog.
  7296 | D:7      | Found a shimmering altar of Xom.
  7305 | D:7      | Reached skill level 6 in Fighting
  7462 | D:7      | Noticed Maggie
  7473 | D:7      | Killed Maggie
  7942 | D:8      | Found a glowing golden altar of the Shining One.
  8253 | D:8      | Reached skill level 5 in Armour
  8641 | D:8      | Noticed Joseph
  8653 | D:8      | Killed Joseph
  8824 | D:8      | Reached XP level 10. HP: 84/84 MP: 9/9
  9262 | D:8      | Noticed a two-headed ogre
  9270 | D:8      | Killed a two-headed ogre
  9475 | D:8      | Reached skill level 7 in Fighting
 10037 | D:9      | Noticed Grum
 10037 | D:9      | Noticed a two-headed ogre
 10044 | D:9      | Reached skill level 5 in Stealth
 10053 | D:9      | Killed a two-headed ogre
 10056 | D:9      | Killed Grum
 10377 | D:9      | Found a hazy altar of Hepliaklqana.
 10388 | D:9      | Became a worshipper of Hepliaklqana the Forgotten
 10647 | D:9      | Reached skill level 8 in Fighting
 10837 | D:10     | Entered Level 10 of the Dungeon
 10841 | D:10     | Noticed a two-headed ogre
 11001 | D:10     | Reached XP level 11. HP: 84/95 MP: 10/10
 11062 | D:9      | Reached skill level 9 in Fighting
 11628 | D:10     | Noticed a two-headed ogre
 11639 | D:10     | Killed a two-headed ogre
 11699 | D:10     | Noticed a death yak
 11700 | D:10     | Noticed a death yak
 11824 | D:10     | Found a staircase to the Orcish Mines.
 11888 | Orc:1    | Entered Level 1 of the Orcish Mines
 11888 | Orc:1    | Noticed an orc sorcerer
 11902 | D:10     | Killed a death yak
 11903 | D:10     | Reached skill level 10 in Fighting
 12025 | D:10     | Noticed a death yak
 12026 | D:10     | Found a staircase to the Lair.
 12027 | D:10     | Noticed a death yak
 12028 | D:10     | Noticed a death yak
 12050 | D:10     | Killed a death yak
 12057 | D:10     | Noticed a death yak
 12062 | D:10     | Killed a death yak
 12062 | D:10     | Noticed a death yak
 12068 | D:10     | Noticed a death yak
 12506 | D:10     | Killed a two-headed ogre
 13282 | D:9      | Killed a death yak
 13292 | D:9      | Killed a death yak
 13293 | D:9      | Reached skill level 11 in Fighting
 13669 | D:9      | Killed a death yak
 13693 | D:9      | Killed a death yak
 13694 | D:9      | Reached XP level 12. HP: 88/110 MP: 11/11
 13780 | D:10     | Killed a death yak
 13861 | Lair:1   | Entered Level 1 of the Lair of Beasts
 13888 | Lair:1   | Noticed Gastronok
 14379 | D:11     | Reached skill level 12 in Fighting
 14601 | D:11     | Noticed a two-headed ogre
 15198 | D:11     | Reached * piety under Hepliaklqana
 15861 | D:11     | Got the Discursus on Transformation
 16334 | D:12     | Reached skill level 13 in Fighting
 17161 | D:13     | Reached ** piety under Hepliaklqana
 17162 | D:13     | Remembered your ancestor Henutemipet as a battlemage
 17257 | D:13     | Noticed an ironbound preserver
 17499 | D:13     | Noticed a catoblepas
 17507 | D:13     | Killed a catoblepas
 17582 | D:13     | Reached skill level 10 in Dodging
 17664 | D:13     | Noticed a centaur warrior
 17676 | D:13     | Killed a centaur warrior
 17681 | D:13     | Found Hery's Gadget Gallery.
 17813 | D:13     | Reached skill level 14 in Fighting
 17939 | D:13     | Noticed an eight-headed hydra
 17944 | D:13     | Reached XP level 13. HP: 111/111 MP: 12/12
 18233 | D:13     | Found a gate to the Vaults.
 18343 | D:13     | Killed an ironbound preserver
 18344 | D:13     | Reached skill level 1 in Long Blades
 20026 | D:14     | Reached skill level 15 in Fighting
 20965 | D:14     | Reached *** piety under Hepliaklqana
 21165 | D:14     | Reached skill level 10 in Armour
 21261 | D:14     | Reached skill level 5 in Long Blades
 21684 | D:15     | Entered Level 15 of the Dungeon
 21698 | D:15     | Found an iron altar of Okawaru.
 21698 | D:15     | Identified the ring "Xuos" {Ice Dex+4}
 21709 | D:15     | Reached XP level 14. HP: 75/122 MP: 13/13
 21727 | D:15     | Reached skill level 16 in Fighting
 22317 | D:15     | Found a staircase to the Depths.
 22317 | D:15     | Noticed a frost giant
 22330 | D:15     | Killed a frost giant
 22402 | Depths:1 | Entered Level 1 of the Depths
 22431 | Depths:1 | Noticed a stone giant
 22438 | Depths:1 | Noticed a stone giant
 22616 | D:15     | Killed from afar by a manticore

Illustrated notes

Levels and vault maps discovered:
D:1:      evilmike_arrival_rings, layout_basic, chequers_ecumenical_altar_island
D:2:      layout_loops_ring, minmay_pentomino_s4, uniq_jessica
D:3:      layout_loops_corners, serial_shops, shop_coins, gup_sewer_entry_bowl,
          kennysheep_cross_bottleneck, minmay_misc_feat_columns, uniq_terence
D:4:      layout_loops_ring, nicolae_vehumet_altar_sigil,
          minmay_temple_entry_butterflies
D:5:      layout_gridville, jmf_multi_god_temple2, serial_shops,
          kennysheep_mini_moat, grunt_tough_drop, uniq_blork_the_orc
D:6:      layout_basic, grunt_qazlal_sundering, grunt_temple_overflow_open,
          serial_glass, glass_columns_a, glass_columns_c, glass_columns_a,
          glass_columns_a, st_stairs_2, abandoned_shop, minmay_lizard_king,
          uniq_edmund
D:7:      layout_basic, nicolae_overflow_crystal_walls,
          mainiacjoe_overflow_brackets, enter_bailey_3, minmay_misc_feat_alley,
          uniq_maggie
D:8:      layout_loops_corners, mainiacjoe_overflow_24_doors,
          chequers_serial_rivers_micro_b, uniq_joseph
D:9:      layout_roguey, lemuel_crystal_altar, minmay_gold_behind_fungi,
          uniq_grum
D:10:     layout_cave_pools, dpeg_lair_monsters, zombieorc2_lemuel
D:11:     layout_basic, minmay_checkerbox
D:12:     layout_small_grid
D:13:     layout_irregular_city, skrybe_vaults_entry_preservation, serial_glass,
          glass_columns_a, glass_columns_c, glass_columns_a, glass_columns_c,
          glass_columns_a, glass_columns_a, glass_columns_c, glass_columns_b,
          glass_columns_c, glass_columns_c, glass_columns_b, glass_columns_b,
          glass_columns_b, glass_columns_c, nicolae_shop_gadgets
D:14:     layout_irregular_city
D:15:     grunt_enter_depths_snipers, layout_cave_pools,
          okawaru_ov_weapons_minmay
Temple:   nicolae_temple_two_arcs
Lair:1:   layout_regular_city, serial_forest, infiniplex_forest_end_2,
          infiniplex_forest_corner_1, infiniplex_forest_3_way,
          infiniplex_forest_straight_2, infiniplex_forest_lined_2,
          infiniplex_forest_lined_2, infiniplex_forest_clump_medium,
          infiniplex_forest_diagonal, uniq_gastronok, uniq_nergalle
Orc:1:    layout_caves, serial_shops, nicolae_shop_advertising_works
          [nicolae_subvault_shop_adworks]
Depths:1: minmay_isolated_rectangles_in_corner, layout_gridlike,
          enter_ziggurat_a, lemuel_doored_altar, hell_entry,
          serial_bayou_crossing, grunt_megastairs_3

Skill      XL: |  1  2  3  4  5  6  7  8  9 10 11 12 13 14 |
---------------+-------------------------------------------+-----
Polearms       | 4 7 10 12 14 | 14.0
Dodging        | 4 5 6 8 10 11 | 11.9
Armour         | 1 2 3 4 5 7 9 10 | 10.2
Maces & Flails | 2 3 4 |  4.6
Fighting       | 3 4 5 6 8 11 14 15 16 | 16.3
Stealth        | 1 2 4 5 6 8 9 |  9.2
Long Blades    | 5 6 |  6.2
Throwing       | |  2.1
Unarmed Combat | |  0.9

Action                   |  1- 3 |  4- 6 |  7- 9 | 10-12 | 13-15 || total
-------------------------+-------+-------+-------+-------+-------++-------
Melee: Trident           |    34 |    21 |   273 |   602 |   297 ||  1227
       Headbutt          |     4 |    11 |    28 |   122 |    70 ||   235
       Whip              |     7 |    95 |       |       |       ||   102
       Punch             |       |     3 |     1 |    16 |     4 ||    24
       Unarmed           |       |    18 |       |       |       ||    18
       Long sword        |       |       |       |       |    15 ||    15
Throw: Throwing net      |       |     1 |       |       |       ||     1
       Stone             |       |       |     1 |       |       ||     1
       Dart              |       |       |       |     1 |       ||     1
Invok: Ancestor Life: Ba |       |       |       |     1 |       ||     1
       Ancestor Identity |       |       |       |     1 |       ||     1
       Recall Ancestor   |       |       |       |       |     2 ||     2
  Use: Scroll            |       |     5 |     7 |    10 |     7 ||    29
       Potion            |       |     1 |       |     2 |       ||     3
 Stab: Sleeping          |     1 |     1 |    17 |    10 |     2 ||    31
       Distracted        |       |     1 |       |     1 |     5 ||     7
Armor: Leather armour    |     2 |    15 |    13 |       |       ||    30
       Skin              |       |     3 |       |       |       ||     3
       Acid dragon scale |       |       |     7 |   105 |    82 ||   194
Dodge: Dodged            |    14 |    57 |    79 |   240 |   183 ||   573
